 Dungeon Crawl Stone Soup version 0.24.1-14-gf8d2b509d9 (webtiles) character file.

Game seed: 5588097266590135178, levelgen mode: deterministic

82 Mrkan the Shield-Bearer (level 4, 0/29 HPs)
             Began as a Gargoyle Fighter on May 25, 2020.
             Was an Initiate of Fedhas.
             Slain by a gnoll
             ... wielding a +0 halberd
              (3 damage)
             ... on level 3 of the Dungeon.
             The game lasted 00:02:41 (2368 turns).

Mrkan the Shield-Bearer (Gargoyle Fighter)          Turns: 2368, Time: 00:02:41

Health: 0/29       AC: 11    Str: 21    XL:     4   Next: 43%
Magic:  4/4        EV:  7    Int:  8    God:    Fedhas [......]
Gold:   181        SH:  8    Dex:  9    Spells: 3/3 levels left

rFire    . . .     SeeInvis .   a - +0 flail
rCold    . . .     Gourm    .   c - +0 shield
rNeg     + . .     Faith    .   b - +0 scale mail
rPois    ∞         Spirit   .   o - +0 helmet
rElec    +         Reflect  .   k - scarf {repulsion}
rCorr    .         Harm     .   (no gloves)
MR       .....                  (no boots)
Stlth    ..........             (no amulet)
HPRegen  0.09/turn              (no ring)
MPRegen  0.09/turn              (no ring)

@: heavily drained, repel missiles
A: negative energy resistance 1, electricity resistance, unbreathing,
petrification resistance, rot immunity, AC +3
a: Renounce Religion


You were on level 3 of the Dungeon.
You worshipped Fedhas.
Fedhas was noncommittal.
You were not hungry.

You visited 1 branch of the dungeon, and saw 3 of its levels.

You collected 181 gold pieces.

Inventory:

Hand Weapons
 a - a +0 flail (weapon)
Armour
 b - a +0 scale mail (worn)
 c - a +0 shield (worn)
 k - a scarf of repulsion (worn)
 o - a +0 helmet (worn)
Scrolls
 e - 3 scrolls of remove curse {unknown}
 g - 3 scrolls of enchant weapon {unknown}
 h - a scroll of immolation {unknown}
 i - 3 scrolls of fear {unknown}
 l - 3 scrolls of identify {unknown}
 p - a scroll of teleportation {unknown}
 q - a scroll of fog {unknown}
Potions
 d - 3 potions of might
 j - 2 potions of haste {unknown}
 m - 4 potions of heal wounds {unknown}
 n - a potion of agility {unknown}
Comestibles
 f - 3 rations
 r - 2 chunks of flesh


   Skills:
 + Level 3.8(2.2) Fighting
 * Level 3.2(1.7) Maces & Flails
 + Level 3.8(2.2) Armour
 + Level 3.8(2.3) Shields


You had 3 spell levels left.
You didn't know any spells.
Your spell library was empty.

Dungeon Overview and Level Annotations

Branches:
Dungeon (3/15)

Altars:
Cheibriados
Fedhas
Xom

Annotations:
D:3 2 transporters, Zing's ghost, amateur GrIE


Innate Abilities, Weirdness & Mutations

You are resistant to torment.
Your stone body is resilient. (AC +3)
You are immune to poison.
You resist negative energy. (rN+)
You are resistant to electric shocks. (rElec)
You can survive without breathing.
You are immune to petrification.
You are immune to rotting.


Message History

There is a stone staircase leading up here.
You block the gnoll's attack. The gnoll hits you with a +0 flail!
The gnoll barely misses you.
You barely miss the gnoll. The gnoll hits you with a +0 flail.
The gnoll hits you from afar with a +0 halberd.
You thump the gnoll!
The gnoll is severely wounded.
The gnoll hits you but does no damage. You block the gnoll's attack.
You hit the gnoll but do no damage.
The gnoll is severely wounded.
The gnoll closely misses you.
The gnoll hits you from afar with a +0 halberd!
* * * LOW HITPOINT WARNING * * *
The gnoll hits you but does no damage.
You thump the gnoll!
You kill the gnoll!
Fedhas accepts your kill.
The gnoll hits you from afar with a +0 halberd.
You die...
Fedhas appreciates your contribution to the ecosystem.

#.###..# #.###..# #.#....# .#
#.#.##.##.### #.#.#..#....
#.#....#..# #(........####
##._..._......# #..)......# #@#
#....8....# #)#
#.(...)...###g##########
##.........##.....g....###.#
#####(.._...#.##....<.........#
....(.......#.##.########.......
#######.##....##.####.. .......
#...............# ...####
####....##.###### ...#


You could see a gnoll.

Vanquished Creatures
  A gnoll (D:3)
  An adder (D:2)
  An ooze (D:1)
  2 worms
  2 dart slugs (D:3)
  A leopard gecko (D:1)
  2 giant cockroaches
  8 goblins
  8 jackals
  A quokka (D:2)
  4 bats (D:1)
  7 frilled lizards
  5 kobolds
  4 rats
47 creatures vanquished.

Notes
Turn   | Place    | Note
-------+----------+-------------------------------------------
     0 | D:1      | Mrkan the Gargoyle Fighter began the quest for the Orb.
     0 | D:1      | Reached XP level 1. HP: 14/14 MP: 1/1
   250 | D:1      | Reached XP level 2. HP: 19/19 MP: 2/2
   989 | D:1      | Reached XP level 3. HP: 22/23 MP: 3/3
  2080 | D:3      | Noticed Zing's ghost (amateur GrIE)
  2085 | D:3      | Reached XP level 4. HP: 27/29 MP: 4/4
  2091 | D:3      | Identified the cursed +1 great mace "Foopp" {crush, MR+
                  | Int+6 Dex-2 Stlth+}
  2091 | D:3      | Noticed an ogre
  2111 | D:3      | Noticed an ogre
  2115 | D:3      | Found a transporter.
  2124 | D:3      | Found a transporter.
  2182 | D:3      | Found a snail-covered altar of Cheibriados.
  2287 | D:3      | Found a blossoming altar of Fedhas.
  2290 | D:3      | Found a shimmering altar of Xom.
  2328 | D:3      | Became a worshipper of Fedhas Madash
  2368 | D:3      | Slain by a gnoll

Levels and vault maps discovered:
D:1:      dpeg_arrival_rooms_with_view, layout_loops_ring, minmay_domino_4
D:2:      layout_loops_ring, roderic_roman_lattice
D:3:      kennysheep_the_goblin_king, layout_loops_ring,
          grunt_temple_overflow_open, first_ration, gammafunk_ghost_smash

Skill      XL: |  1  2  3 |
---------------+----------+-----
Maces & Flails | 3 |  3.2
Fighting       | |  3.8
Armour         | |  3.8
Shields        | |  3.8

Action                   |  1- 3 |  4- 6 || total
-------------------------+-------+-------++-------
Melee: Flail             |   162 |    33 ||   195
  Eat: Chunk             |     3 |     2 ||     5
Armor: Scale mail        |    92 |    17 ||   109
Dodge: Dodged            |    59 |     7 ||    66
       Deflected         |       |     1 ||     1
Block: Shield            |   102 |    12 ||   114
